 Dungeon Crawl Stone Soup version 0.29-a0-380-gf50f0a9fbc (webtiles) character file.

Game seed: 160918910352261444

6379 happo123 the Cruncher (level 10, -14/98 HPs)
             Began as a Troll Berserker on May 5, 2022.
             Was a High Priest of Trog.
             Demolished by a spriggan
             ... wielding the +12 quick blade "Gimble" {protect}
              (19 damage)
             ... in a bailey.
             The game lasted 00:46:38 (5587 turns).

happo123 the Cruncher (Troll Berserker)             Turns: 5587, Time: 00:46:48

Health: -14/98     AC:  8    Str: 31    XL:     10   Next: 65%
Magic:  9/9        EV: 16    Int:  3    God:    Trog [*****.]
Gold:   391        SH:  0    Dex: 15    Spells: 9/9 levels left

rFire   . . .      SeeInvis .   t - +4 quarterstaff (chaos)
rCold   . . .      Faith    +   (shield currently unavailable)
rNeg    . . .      Spirit   .   I - +0 steam dragon scales
rPois   .          Reflect  .   (helmet restricted)
rElec   .          Harm     .   h - +0 cloak
rCorr   .          Rampage  .   (gloves unavailable)
Will    ++...                   (boots unavailable)
Stlth   ++........              c - amulet of faith
HPRegen 2.06/turn               i - +6 ring of dexterity
MPRegen 0.11/turn               w - +4 ring of evasion

@: strong-willed, on berserk cooldown, regenerating, slowed, very slow
A: large, unfitting armour, claws 3, regeneration 1, shaggy fur 1, tough skin 1
a: Renounce Religion, Berserk, Trog's Hand, Brothers in Arms


You were in a bailey.
You worshipped Trog.
Trog was extremely pleased with you.
You visited 1 branch of the dungeon, and saw 8 of its levels.
You also visited: Bailey.

You collected 391 gold pieces.

Inventory:

Hand Weapons
 b - a +4 short sword
 t - a +4 quarterstaff of chaos (weapon)
 x - a +2 dagger of protection
 y - a +0 hunting sling
 H - a +1 quarterstaff of holy wrath
Armour
 a - a +0 animal skin
 h - a +0 cloak (worn)
 o - a +2 kite shield
 B - the +1 robe of Spite {rN+}
   (You found it on level 6 of the Dungeon)

   rN:        It protects you from negative energy.
 I - +0 steam dragon scales (worn)
Jewellery
 c - an amulet of faith (around neck)
 i - a +6 ring of dexterity (left claw)
 w - a +4 ring of evasion (right claw)
Wands
 F - a wand of flame (12)
Scrolls
 f - a scroll of summoning {unknown}
 g - a scroll of immolation {unknown}
 n - a scroll of teleportation {unknown}
 p - a scroll of identify
 q - 2 scrolls of poison
 s - a scroll of noise {unknown}
 A - a scroll of amnesia {unknown}
 C - a scroll of blinking {unknown}
 E - a scroll of magic mapping {unknown}
 G - 2 scrolls of enchant weapon {unknown}
Potions
 d - a potion of brilliance {unknown}
 e - a potion of haste {unknown}
 j - a potion of heal wounds
 k - 8 potions of curing
 l - 2 potions of might {unknown}
 m - 2 potions of cancellation
 r - a potion of mutation {unknown}
 u - a potion of magic {unknown}
 v - 2 potions of degeneration {unknown}
 z - 3 potions of lignification
 D - a potion of invisibility {unknown}


   Skills:
 + Level 6.2 Fighting
 + Level 9.3 Staves
 + Level 0.2 Slings
 + Level 6.6 Dodging
 + Level 2.5 Stealth
 + Level 0.9 Shields
 + Level 5.2 Unarmed Combat


You had 9 spell levels left.
You didn't know any spells.
Your spell library was empty.

Dungeon Overview and Level Annotations

Branches:
Dungeon (8/15)             Temple (0/1) D:7          Bailey (1/1)
   Lair: D:8-11

Altars:
Dithmenos
Elyvilon
Gozag
Hepliaklqana
Okawaru
Wu Jian

Shops:
D:4 (*


Innate Abilities, Weirdness & Mutations

You are too large for most types of armour.
You have claws for hands.
Your natural rate of healing is unusually fast.
You are covered in fur. (AC +1)
You have tough skin. (AC +1)


Message History

Your spriggan zombie crumbles into dust!
The two-headed ogre hits you with a +0 halberd.
The two-headed ogre hits you with a +0 halberd!
You bludgeon the two-headed ogre!! You freeze the two-headed ogre.
The two-headed ogre is severely wounded.
You hear a shout!
You bludgeon the two-headed ogre!!
The two-headed ogre goes berserk!
The two-headed ogre is almost dead.
The two-headed ogre closely misses you. x2
You sock the two-headed ogre! You freeze the two-headed ogre.
You kill the two-headed ogre!
Trog accepts your kill.
Things that are here:
a +0 halberd; a +0 halberd You feel a strong urge to attack something.
You are no longer berserk.
You are exhausted.
You feel yourself slow down.
A spriggan comes into view.
It is wielding the +12 pair of quick blades "Gyre" and "Gimble" {protect}.
The spriggan barely misses you.
The spriggan hits you with the +12 quick blade "Gimble" {protect}!
The spriggan barely misses you. The spriggan closely misses you.
You sock the spriggan!
The spriggan seems to grow stronger.
The spriggan is moderately wounded.
The spriggan hits you with the +12 quick blade "Gyre" {protect}!!
The spriggan hits you with the +12 quick blade "Gimble" {protect}!!
* * * LOW HITPOINT WARNING * * *
Your skin crawls.
You feel strong-willed.
The spriggan hits you with the +12 quick blade "Gyre" {protect}!!
* * * LOW HITPOINT WARNING * * *
The spriggan completely misses you.
You feel much better.
The spriggan hits you with the +12 quick blade "Gyre" {protect}!
* * * LOW HITPOINT WARNING * * *
The spriggan hits you with the +12 quick blade "Gimble" {protect}!!
* * * LOW HITPOINT WARNING * * *
The spriggan barely misses you.
The spriggan hits you with the +12 quick blade "Gimble" {protect}!!
You die...

##..##.......##..##
#..♣♣..♣♣♣♣♣..##..#
#..#..♣♣ ..#..#
#..♣..# .#..#
#..#..♣ ♣ #..#
#..♣.)# .♣ #..#
#..♣..♣♣ .♣ #..#
#..##..♣#≈#♣..##..#
##..♣#.@i....##..##
##.)#♣.....##.)##
##).#♣###♣♣..##
##.).......#
##.......#
##≈≈≈≈≈## #≈≈≈≈≈#
###≈≈≈≈≈###
##.........##


You could see a spriggan (strong).

Vanquished Creatures
  A two-headed ogre (Bailey)
  Pikel (D:6)
  A shining eye (shapeshifter) (D:7)
  Joseph (D:8)
  Grinder (D:5)
  2 spriggans (Bailey)
  2 wyverns
  4 yaks (D:7)
  A steam dragon (Bailey)
  A water moccasin (D:5)
  2 ice beasts
  6 ogres
  A lemure (D:6)
  Blork the orc (D:4)
  2 bullfrogs (D:7)
  2 gnoll sergeants
  A necrophage (D:6)
  5 scorpions
  4 killer bees (D:8)
  4 howler monkeys
  3 hounds
  2 jellies (D:4)
  2 gnoll shamans (D:7)
  5 orc priests
  Crazy Yiuf (D:3)
  Natasha (D:4)
  4 iguanas
  5 orc wizards
  Robin (D:3)
  7 adders
  19 gnolls
  2 white imps (D:6)
  An ufetubus (D:7)
  6 worms
  2 dart slugs
  30 orcs
  6 ball pythons
  6 endoplasms
  2 giant cockroaches
  18 goblins
  16 hobgoblins
  8 jackals
  5 quokkas
  6 bats
  2 frilled lizards
  7 kobolds
  2 rats (D:2)
212 creatures vanquished.

Vanquished Creatures (others)
  A spriggan (Bailey)
  An orc wizard (D:6)
2 creatures vanquished.

Grand Total: 214 creatures vanquished

Notes
Turn   | Place    | Note
-------+----------+-------------------------------------------
     0 | D:1      | happo123 the Troll Berserker began the quest for the Orb.
     0 | D:1      | Reached XP level 1. HP: 22/22 MP: 0/0
   121 | D:1      | Reached XP level 2. HP: 29/29 MP: 1/1
   419 | D:1      | Reached ** piety under Trog
   539 | D:2      | Reached XP level 3. HP: 36/36 MP: 2/2
  1171 | D:3      | Reached XP level 4. HP: 44/44 MP: 3/3
  1231 | D:3      | Noticed Robin
  1239 | D:3      | Reached *** piety under Trog
  1247 | D:3      | Killed Robin
  1274 | D:3      | Reached XP level 5. HP: 47/52 MP: 4/4
  1327 | D:3      | Found a runed translucent door.
  1328 | D:3      | Noticed Crazy Yiuf
  1336 | D:3      | Killed Crazy Yiuf
  1917 | D:4      | Noticed Blork the orc
  1923 | D:4      | Killed Blork the orc
  1924 | D:4      | Reached skill level 1 in Staves
  1924 | D:4      | Reached skill level 5 in Unarmed Combat
  1924 | D:4      | Reached XP level 6. HP: 39/59 MP: 5/5
  1943 | D:4      | Found an iron altar of Okawaru.
  1963 | D:4      | Found Gozag's Platinum Reserve.
  2052 | D:4      | Found Ocuniex's Antique Weapon Boutique.
  2109 | D:4      | Found a shadowy altar of Dithmenos.
  2147 | D:4      | Reached **** piety under Trog
  2180 | D:4      | Reached skill level 2 in Staves
  2191 | D:4      | Noticed Natasha
  2198 | D:4      | Noticed Natasha
  2198 | D:4      | Natasha changed into Natasha the wyvern
  2201 | D:4      | Killed Natasha the wyvern
  2202 | D:4      | Reached skill level 3 in Staves
  2202 | D:4      | Reached skill level 1 in Stealth
  2202 | D:4      | Reached XP level 7. HP: 27/67 MP: 6/6
  2212 | D:4      | Noticed Natasha
  2216 | D:4      | Killed Natasha
  2285 | D:4      | Found an opulent altar of Gozag.
  2752 | D:5      | Entered Level 5 of the Dungeon
  2788 | D:5      | Reached skill level 4 in Staves
  2828 | D:5      | Reached XP level 8. HP: 26/76 MP: 7/7
  2896 | D:5      | Reached skill level 5 in Staves
  3194 | D:5      | Noticed Grinder
  3203 | D:5      | Paralysed by Grinder for 3 turns
  3208 | D:5      | Killed Grinder
  3377 | D:6      | Noticed Pikel
  3393 | D:6      | Killed Pikel
  3394 | D:6      | Reached skill level 6 in Staves
  3394 | D:6      | Reached XP level 9. HP: 79/85 MP: 8/8
  3722 | D:6      | Identified the +1 robe of Spite {rN+}
  3754 | D:6      | Reached skill level 5 in Dodging
  3759 | D:6      | Reached skill level 7 in Staves
  4174 | D:6      | Found an ornate altar of the Wu Jian Council.
  4503 | D:7      | Reached ***** piety under Trog
  4519 | D:7      | Found a staircase to the Ecumenical Temple.
  4767 | D:7      | Found a white marble altar of Elyvilon.
  4778 | D:7      | Reached skill level 5 in Fighting
  4858 | D:7      | Reached skill level 8 in Staves
  4867 | D:7      | Noticed a glowing shapeshifter
  4867 | D:7      | a yak changed into a glowing shapeshifter
  4868 | D:7      | Noticed a shining eye
  4868 | D:7      | a glowing shapeshifter changed into a shining eye
  4870 | D:7      | Killed a shining eye
  4871 | D:7      | Reached XP level 10. HP: 73/96 MP: 9/9
  4933 | D:7      | Found a hazy altar of Hepliaklqana.
  5277 | D:8      | Noticed Joseph
  5288 | D:8      | Killed Joseph
  5305 | D:8      | Found a flagged portal.
  5313 | Bailey   | Entered a bailey
  5507 | Bailey   | Reached skill level 9 in Staves
  5573 | Bailey   | Noticed a two-headed ogre
  5580 | Bailey   | Killed a two-headed ogre
  5587 | Bailey   | Demolished by a spriggan

Illustrated notes

Levels and vault maps discovered:
D:1:      heliophobic_arrival_ceremonial_halls, layout_rooms, minmay_hedge_maze
D:2:      layout_loops_cross
D:3:      layout_loops_cross, uniq_crazy_yiuf_cottage, uniq_robin
D:4:      layout_basic, grunt_dithmenos_smoke, nicolae_gozag_zags_fifth_avenue,
          okawaru_ov_weapons_minmay, serial_shops,
          nicolae_shop_competitors_out_of_business, minmay_goblin_outpost,
          uniq_blork_the_orc, uniq_natasha
D:5:      layout_rooms, uniq_grinder
D:6:      layout_loops_ring, mainiacjoe_overflow_alcove_4, uniq_pikel
D:7:      layout_cave_pods, kennysheep_little_box, elyvilon_altar_5,
          minmay_temple_entry_sparse_star, nicolae_figureground_sparkle
D:8:      layout_basic, serial_shops, shop, enter_bailey_4, uniq_joseph,
          uniq_grum
Bailey:   bailey_polearm_enchanted_keep_hellmonk, bailey

Skill      XL: |  1  2  3  4  5  6  7  8  9 10 |
---------------+-------------------------------+-----
Dodging        | 3 4 5 6 |  6.6
Unarmed Combat | 4 5 |  5.2
Staves         | 1 3 4 6 8 9 |  9.3
Fighting       | 3 4 5 6 |  6.2
Stealth        | 1 2 |  2.5
Slings         | |  0.2
Shields        | |  0.9

Action                   |  1- 3 |  4- 6 |  7- 9 | 10-12 || total
-------------------------+-------+-------+-------+-------++-------
Melee: Unarmed           |    94 |    47 |       |       ||   141
       Punch             |     2 |       |       |       ||     2
       Quarterstaff      |       |    64 |   282 |    73 ||   419
 Fire: Hunting sling     |       |       |     2 |       ||     2
Invok: Berserk           |     1 |     2 |     5 |     2 ||    10
       Trog's Hand       |       |     1 |     2 |     3 ||     6
  Use: Scroll            |       |       |     4 |     1 ||     5
       Potion            |       |       |       |     1 ||     1
 Stab: Sleeping          |     2 |     3 |     3 |       ||     8
       Confused          |       |       |     1 |     2 ||     3
Armor: Animal skin       |    37 |    35 |    33 |       ||   105
       Robe              |       |       |    25 |     6 ||    31
Dodge: Dodged            |    52 |    74 |   213 |    75 ||   414
Block: Kite shield       |     2 |    16 |       |       ||    18

Table legend: (Time is in decaauts)
 A = Elapsed time spent in this place.
 B = Non-inter-level travel time spent in this place.
 C = Inter-level travel time spent in this place.
 D = Time resting spent in this place.
 E = Time spent auto-exploring this place.
 F = Levels seen in this place.
 G = Mean time per level.
                   A        B        C        D        E       F      G
               +--------+--------+--------+--------+--------+-----+--------+
         Total |   5672 |   4402 |   1270 |    109 |   2895 |   9 |  630.2 |
       Dungeon |   5397 |   4127 |   1270 |      0 |   2895 |   8 |  674.6 |
        Bailey |    274 |    274 |      0 |    109 |      0 |   1 |  274.0 |
               +--------+--------+--------+--------+--------+-----+--------+

Top non-repeatable levels by time:
     D:7: 993 daAuts
     D:4: 914 daAuts
     D:6: 886 daAuts
     D:3: 712 daAuts
     D:2: 643 daAuts
     D:5: 624 daAuts
     D:1: 520 daAuts
  Bailey: 274 daAuts
     D:8: 102 daAuts
